 Dungeon Crawl Stone Soup version 0.31-a0-234-gad7ace16ef (webtiles) character file.

Game seed: 8402842915410733956

87 qw the Shooter (level 4, 0/36 HPs)
             Began as a Minotaur Hexslinger on July 9, 2023.
             Killed from afar by an orc wizard (12 damage)
             ... with a puff of flame
             ... on level 3 of the Dungeon.
             The game lasted 00:00:39 (1729 turns).

qw the Shooter (Minotaur Hexslinger)                Turns: 1729, Time: 00:00:40

Health: 0/36       AC:  3    Str: 12    XL:     4   Next: 28%
Magic:  4/4        EV: 12    Int: 10    God:
Gold:   224        SH:  0    Dex: 15    Spells: 4/5 levels left

rFire   . . .        Y - +1 sling
rCold   . . .        (no shield)
rNeg    . . .        j - +0 leather armour
rPois   .            (helmet restricted)
rElec   .            (no cloak)
rCorr   +            (no gloves)
SInv    .            (no boots)
Will    .....        (no amulet)
Stlth   +            l - ring of resist corrosion
HPRegen 0.26/turn    (no ring)
MPRegen 0.09/turn

%: no passive effects
@: no status effects
A: horns 2, retaliatory headbutt
a: no special abilities


You were on level 3 of the Dungeon.
You visited 1 branch of the dungeon, and saw 3 of its levels.

You collected 224 gold pieces.


Innate Abilities, Weirdness & Mutations

You have a pair of horns on your head.
You reflexively headbutt those who attack you in melee.


   Skills:
 - Level 2.0 Fighting
 + Level 4.8 Ranged Weapons
 - Level 2.1 Dodging
 - Level 1.0 Spellcasting
 - Level 2.0 Hexes


You had 4 spell levels left.
You knew the following spells:

 Your Spells              Type           Power      Damage    Failure   Level
a - Slow                  Hex            16%        N/A       19%         1

Your spell library contained the following spells:

 Spells                   Type           Power      Damage    Failure   Level
 Inner Flame              Hex/Fire       2%         N/A       65%         3
 Portal Projectile        Hex/Tloc       4%         N/A       65%         3
 Cause Fear               Hex            2%         N/A       88%         4

Inventory:

Hand Weapons
 Y - a +1 sling (weapon)
Armour
 b - a +0 pair of gloves
 j - a +0 leather armour (worn)
Jewellery
 l - a ring of resist corrosion (left hand)
Potions
 a - a potion of lignification {unknown}
 c - a potion of berserk rage {unknown}
 d - a potion of enlightenment {unknown}
 e - a potion of invisibility {unknown}
 f - 2 potions of cancellation {unknown}
 h - a potion of degeneration {unknown}
 i - a potion of mutation {unknown}
 k - a potion of curing {unknown}
 m - a potion of attraction {unknown}

Dungeon Overview and Level Annotations

Branches:
Dungeon (3/15)

Altars:


Message History

You resist with some effort.
You shoot a sling bullet. The sling bullet hits the orc wizard.
The orc wizard is moderately wounded.
You shoot a sling bullet.
The sling bullet closely misses the orc wizard.
An orc comes into view. It is wielding a +0 flail.
You shoot a sling bullet. The orc shouts!
The sling bullet hits the orc wizard but does no damage.
The orc wizard is moderately wounded.
You shoot a sling bullet. The sling bullet hits the orc wizard.
The orc wizard is heavily wounded.
An orc comes into view. It is wielding a +0 whip.
The orc wizard casts a spell at you. The puff of flame hits you!
You shoot a sling bullet. The orc shouts!
The sling bullet hits the orc wizard.
The orc wizard is severely wounded.
You shoot a sling bullet.
The sling bullet barely misses the orc wizard.
The sling bullet barely misses the orc.
The sling bullet hits the orc but does no damage.
You shoot a sling bullet.
The sling bullet barely misses the orc wizard.
The orc wizard gestures at you while chanting.
The puff of flame hits you!
An orc comes into view. It is wielding a +0 dagger.
You shoot a sling bullet.
The sling bullet barely misses the orc wizard.
The orc shouts!
The orc wizard hits you with a +0 dagger.
The orc closely misses you. The orc hits you with a +0 flail.
The orc wizard barely misses you.
You shoot a sling bullet.
The sling bullet barely misses the orc wizard.
The sling bullet closely misses the orc.
The orc wizard points at you and mumbles some strange words.
The puff of flame hits you!
You die...

.#...##.# ##.#.##.#
...#....### .###.#....#
.....#..).# ###
##.###.#..##########....
#.....#................
###.###.####....o......
#............@o..#
#####..##########o......
......## ....#.# #######
###.o.# ###### #..
.....####. . ####......
..###..... ...........


You could see an orc wizard and 3 orcs.

Vanquished Creatures
  A gnoll (D:1)
  2 adders
  2 dart slugs (D:1)
  3 bats
  4 endoplasms (D:1)
  2 giant cockroaches
  2 goblins (D:1)
  8 hobgoblins
  7 jackals
  5 quokkas
  5 ball pythons
  4 frilled lizards
  3 kobolds
  3 rats
51 creatures vanquished.

Notes
Turn   | Place    | Note
-------+----------+-------------------------------------------
     0 | D:1      | qw the Minotaur Hexslinger began the quest for the Orb.
     0 | D:1      | Reached XP level 1. HP: 16/16 MP: 1/1
     0 | D:1      | 0 ||| qw: Version: 0.3-a-51-g015441d
     0 | D:1      | 0 ||| qw: Game counter: 4073
     0 | D:1      | 0 ||| qw: Melee chars always use a shield: true
     0 | D:1      | 0 ||| qw: God list: Okawaru
     0 | D:1      | 0 ||| qw: Allow faded altars: false
     0 | D:1      | 0 ||| qw: Do Orc after clearing Dungeon:15 true
     0 | D:1      | 0 ||| qw: Do second Lair branch before Depths: true
     0 | D:1      | 0 ||| qw: Lair rune preference: random
     0 | D:1      | 0 ||| qw: Goals: Normal
     0 | D:1      | 0 ||| PLANNING D:1-11
    98 | D:1      | Reached skill level 3 in Ranged Weapons
   140 | D:1      | Reached XP level 2. HP: 23/23 MP: 2/2
   464 | D:1      | Reached XP level 3. HP: 29/29 MP: 3/3
   605 | D:1      | Reached skill level 4 in Ranged Weapons
   912 | D:1      | 912 ||| UPGRADING to +0 leather armour.
   922 | D:1      | 922 ||| DROPPING +0 robe.
   923 | D:1      | 923 ||| READING scroll labelled ZAWOOWK LULUA.
   924 | D:1      | 924 ||| READING scroll labelled MEKIOSH ZEQOC.
   925 | D:1      | 925 ||| DROPPING scroll of poison.
   987 | D:2      | Found a faded altar of an unknown god.
  1348 | D:2      | Reached XP level 4. HP: 36/36 MP: 4/4
  1496 | D:2      | 1496 ||| UPGRADING to ring of resist corrosion.
  1497 | D:2      | 1497 ||| READING 2 scrolls labelled OLOILUGHID.
  1498 | D:2      | 1498 ||| READING scroll labelled XOHOLA ESIBB.
  1499 | D:2      | 1499 ||| DROPPING scroll of fear.
  1729 | D:3      | Killed from afar by an orc wizard

Levels and vault maps discovered:
D:1:      tarquinn_simple_flora_water_f, layout_basic, kennysheep_small_spiral,
          minmay_heptomino_o4
D:2:      layout_loops_ring, chequers_ecumenical_altar_island
D:3:      layout_rooms, lemuel_crystal_altar, serial_glass, glass_columns_a,
          glass_columns_a, glass_columns_b, glass_columns_a, glass_columns_a,
          glass_columns_b, hangedman_abyss_or_decor_stabs

Skill      XL: |  1  2  3 |
---------------+----------+-----
Ranged Weapons | 3 4 |  4.8
Fighting       | 2 |  2.0
Dodging        | |  2.1
Spellcasting   | |  1.0
Hexes          | |  2.0

Action                     |  1- 3 |  4- 6 || total
---------------------------+-------+-------++-------
   Fire: Sling             |   115 |    36 ||   151
    Use: Scroll            |     2 |     2 ||     4
 Armour: Robe              |     8 |       ||     8
  Dodge: Dodged            |    22 |     8 ||    30

Table legend:
 A = Non-vault XP
 B = Vault XP
 C = Vault XP percentage of total XP
 D = Non-vault monster count
 E = Vault monster count
 F = Vault count percentage of total count
                 A         B        C        D         E       F
            +---------+---------+-------+---------+---------+-------
      Total |     122 |       3 |   2.4 |      49 |       2 |   3.9
            +---------+---------+-------+---------+---------+-------
        D:1 |      69 |       3 |   4.2 |      30 |       2 |   6.2
        D:2 |      33 |       0 |   0.0 |      13 |       0 |   0.0
        D:3 |      20 |       0 |   0.0 |       6 |       0 |   0.0
            +---------+---------+-------+---------+---------+-------
